AoeStats
← _YuX_

Arabian Desert

509873860Analyzed
1v1 RM · 3d ago on Sep 28, 2026· 30m 13s· 2 players
Game mode
Random Map
Map size
Tiny (2 player)
Population
200
Speed
Normal
Resources
Standard
Victory
Conquest
Starting age
Dark Age
Ending age
Imperial Age
RankedLock teamsTeams togetherTeam positionsShared explorationLock speedFull tech treeHidden civsTurbo modeCheats
Victory
Defeat
🇮🇹 Celts · Italy
1454
+16
🇦🇷 Magyars · Argentina
1450
-16
_YuX_
6:02 Loom
8:41 Feudal Age
10:50 Double-Bit Axe
16:33 Horse Collar
21:54 Castle Age
20:20 Bloodlines
22:06 Scale Barding Armor
23:09 Chain Barding Armor
BIGMAC
7:37 Loom
10:03 Feudal Age
10:18 Man-at-Arms
10:48 Double-Bit Axe
14:41 Scale Mail Armor
21:12 Castle Age
19:42 Forging
19:51 Horse Collar
20:47 Gold Mining
21:22 Scale Barding Armor
21:16 Pikeman
25:41 Chain Mail Armor
28:09 Fletching
Connection lost

Rejoining the realm…

Still unreachable

The connection could not be restored.

Session expired

The server has moved on; the page needs a fresh start.